Map: Cerulean Fall LE

Players

Neeb

  • Race: Protoss Protoss
  • Spawn Location: 7:00

Reynor - Winner!

  • Race: Zerg Zerg
  • Spawn Location: 1:00

Event: WCS Montreal 2018

VOD

Have the link to the VOD?

Description

Time

  • Played on: Sept. 8, 2018, 4:56 p.m.
  • Length: 15:40

All games in this series

Show
View Real Time Build Order
Export as new Build Order

Neeb Protoss 

Build Orders: 1 Gate Expand, Oracle Opening, Phoenix Opening, Mass Phoenix, Zealot Archon 

Get SALT Encoding   

  12  0:00  Probe  
  13  0:12  Probe  
  14  0:18  Pylon  
  14  0:25  Probe  
  15  0:32  Assimilator  
  15  0:35  Probe  
  16  0:46  Gateway, Probe  
  16  0:55  Probe  
  18  1:07  Probe  
  19  1:20  Probe  
  20  1:26  Nexus  
  20  1:36  Cybernetics Core  
  20  1:39  Probe  
  21  1:45  Assimilator  
  21  1:51  Probe  
  22  1:54  Pylon  
  22  2:02  Probe  
  22  2:03  Adept  
  23  2:10  Probe  
  23  2:13  Warp Gate  
  26  2:18  Probe  
  27  2:26  Stargate  
  27  2:32  Adept  
  27  2:35  Probe  
  27  2:36  Probe  
  30  2:43  Probe  
  31  2:48  Probe  
  33  2:53  Probe  
  34  2:58  Gateway  
  34  3:00  Probe  
  34  3:02  Phoenix  
  35  3:07  Probe  
  38  3:13  Probe  
  38  3:18  Pylon  
  38  3:19  Probe  
  40  3:25  Probe  
  41  3:27  Assimilator  
  41  3:29  Assimilator  
  41  3:31  Oracle  
  41  3:32  Probe  
  45  3:37  Probe  
  45  3:38  Pylon  
  46  3:45  Probe  
  47  3:49  Probe  
  47  3:51  Stargate  
  48  3:57  Probe  
  48  4:00  Phoenix  
  48  4:01  Probe  
  50  4:06  Pylon  
  50  4:09  Probe  
  53  4:11  Gateway  
  53  4:13  Pylon  
  53  4:14  Probe  
  54  4:21  Probe  
  54  4:22  Adept  
  54  4:23  Adept  
  59  4:26  Probe  
  59  4:30  Phoenix  
  62  4:33  Probe  
  63  4:39  Probe  
  63  4:43  Phoenix  
  66  4:57  Nexus  
  66  5:03  Pylon  
  66  5:06  Phoenix  
  64  5:07  Phoenix  
  64  5:08  Probe x2  
  64  5:12  Pylon  
  70  5:21  Twilight Council  
  68  5:22  Probe, Forge  
  68  5:24  Probe  
  70  5:30  Sentry, Zealot  
  70  5:31  Phoenix  
  76  5:36  Phoenix  
  76  5:37  Protoss Ground Weapons Level 1  
  76  5:40  Probe  
  76  5:42  Charge  
  79  5:43  Probe  
  80  5:52  Probe  
  80  5:55  Probe  
  80  5:56  Phoenix  
  84  6:04  Probe  
  84  6:06  Gateway  
  84  6:07  Probe  
  84  6:09  Probe  
  87  6:17  Probe  
  88  6:19  Probe  
  88  6:21  Probe  
  90  6:29  Probe  
  90  6:31  Gateway, Probe  
  90  6:32  Gateway  
  88  6:33  Gateway  
  88  6:36  Zealot x2  
  88  6:37  Gateway  
  88  6:39  Gateway  
  88  6:46  Templar Archives  
  86  6:47  Zealot  
  86  6:49  Probe x3, Assimilator x2  
  91  6:58  Robotics Facility  
  91  7:00  Shield Battery  
  91  7:02  Zealot x2  
  91  7:03  Zealot  
  97  7:08  Pylon  
  97  7:09  Zealot  
  99  7:22  High Templar x2, Pylon  
  103  7:23  Pylon  
  103  7:25  High Templar  
  103  7:28  High Templar, Archon  
  103  7:29  Zealot x2  
  111  7:30  Zealot  
  111  7:33  Archon  
  113  7:40  Warp Prism, Protoss Ground Weapons Level 2  
  113  7:43  Zealot  
  109  7:45  Probe x2  
  109  7:51  Probe  
  110  7:59  High Templar x2  
  110  8:01  Psionic Storm  
  114  8:05  Zealot x2  
  114  8:06  Zealot x3  
  114  8:10  Probe x2  
  114  8:12  Archon, Observer  
  122  8:14  Nexus  
  122  8:15  Pylon  
  122  8:18  Photon Cannon  
  121  8:21  Gateway  
  121  8:22  High Templar, Gateway  
  121  8:23  Probe  
  121  8:24  Probe  
  125  8:29  Probe  
  125  8:30  High Templar  
  125  8:31  High Templar  
  130  8:37  Immortal  
  130  8:39  Pylon x2  
  134  8:43  High Templar  
  136  8:49  Probe  
  136  8:54  Probe x2  
  139  8:58  Zealot x6  
  139  9:00  Shield Battery  
  151  9:08  Assimilator  
  151  9:10  Assimilator  
  151  9:13  Probe  
  151  9:14  Probe x2  
  142  9:18  High Templar x2, Zealot  
  142  9:19  Zealot  
  142  9:23  Zealot  
  150  9:25  Probe  
  150  9:26  Probe x2  
  150  9:28  Archon  
  150  9:29  Probe  
  154  9:34  Immortal  
  154  9:37  Probe  
  159  9:38  Probe  
  159  9:43  Zealot  
  159  9:44  Zealot x2  
  166  9:46  Probe x2  
  166  9:50  Probe  
  144  9:59  High Templar  
  132  10:00  High Templar x4, Immortal  
  132  10:01  Probe  
  141  10:13  Archon  
  141  10:14  Archon  
  145  10:16  Probe x2  
  145  10:17  High Templar x2  
  145  10:19  Probe  
  152  10:22  Photon Cannon  
  152  10:24  Shield Battery  
  152  10:28  Immortal, Zealot x4  
  151  10:34  Zealot  
  151  10:35  Zealot x3  
  165  10:43  Probe  
  165  10:45  Probe  
  165  10:46  Probe  
  165  10:47  Probe  
  165  10:55  Probe  
  154  10:57  High Templar  
  154  10:58  Probe  
  154  10:59  Fleet Beacon, Protoss Ground Weapons Level 3  
  141  11:05  Zealot  
  141  11:08  Immortal  
  141  11:11  High Templar x2  
  147  11:31  Probe x2  
  142  11:33  Probe  
  142  11:34  High Templar  
  142  11:35  High Templar, Zealot x7  
  142  11:38  Pylon  
  142  11:39  Archon  
  161  11:43  Zealot  
  161  11:44  Zealot  
  169  11:47  Immortal  
  169  11:52  Stargate x2  
  167  11:57  Zealot  
  167  11:58  Zealot x5  
  167  11:59  Zealot  
  167  12:00  Probe x2  
  155  12:03  Probe  
  155  12:05  Probe  
  139  12:09  Probe x2  
  139  12:11  High Templar x3  
  139  12:13  Probe  
  142  12:15  Probe  
  142  12:20  Probe  
  142  12:22  High Templar, Probe  
  141  12:27  Archon  
  141  12:28  Archon  
  143  12:30  Probe  
  143  12:31  Probe x2  
  146  12:40  Zealot x5  
  146  12:42  Probe  
  145  12:44  Zealot  
  145  12:50  Zealot  
  137  12:54  Tempest  
  137  12:56  Zealot  
  137  12:57  Tempest  
  131  13:00  High Templar x4  
  135  13:05  Archon  
  135  13:06  Archon  
  135  13:11  Tempest  
  143  13:18  Probe  
  143  13:19  Probe x3  
  153  13:27  Tempest, Zealot  
  153  13:32  Tempest  
  145  13:44  Tempest  
  145  13:48  Shield Battery  
  157  14:02  Probe  
  158  14:05  Probe x2  
  158  14:06  Probe  
  158  14:08  High Templar x2  
  165  14:15  Zealot x6  
  142  14:39  Zealot x2  
  142  14:40  Zealot  
  142  14:45  Nexus  
  124  14:57  Archon  
  124  14:58  Zealot x6  
  120  15:04  High Templar x2  
  120  15:05  High Templar x2  
  118  15:11  Archon x2  
  118  15:22  High Templar x4, Zealot x3  
  118  15:26  Archon x2  
  77  15:35  Zealot  
Show
View Real Time Build Order
Export as new Build Order

Reynor Zerg - Winner!

Build Orders: Hatch First 

Get SALT Encoding   

  12  0:00  Drone  
  13  0:12  Overlord  
  13  0:17  Drone  
  14  0:31  Drone x2  
  16  0:50  Hatchery  
  16  0:52  Drone  
  16  0:56  Drone  
  17  0:59  Drone  
  18  1:10  Extractor  
  17  1:15  Spawning Pool  
  16  1:18  Drone  
  16  1:22  Drone  
  18  1:28  Drone  
  19  1:38  Drone  
  20  1:49  Overlord  
  20  2:02  Queen x2  
  20  2:03  Drone  
  20  2:04  Zergling x2  
  26  2:10  Metabolic Boost  
  26  2:13  Drone  
  27  2:15  Drone  
  27  2:21  Drone  
  29  2:24  Drone  
  30  2:40  Hatchery  
  30  2:42  Drone  
  30  2:44  Drone x2  
  31  2:50  Overlord  
  32  2:55  Queen  
  34  3:00  Zergling x4  
  36  3:11  Spore Crawler  
  36  3:14  Drone x3  
  36  3:15  Drone x2  
  36  3:16  Drone  
  36  3:17  Drone  
  43  3:23  Drone  
  44  3:27  Overlord  
  44  3:29  Spore Crawler  
  44  3:31  Drone  
  44  3:38  Overlord  
  44  3:47  Drone x5, Queen  
  51  3:52  Lair  
  51  3:55  Spore Crawler  
  50  3:58  Overlord  
  50  3:59  Drone  
  51  4:12  Spore Crawler, Drone  
  51  4:13  Drone x5  
  51  4:14  Drone  
  51  4:16  Zergling x2  
  58  4:23  Zergling x6  
  61  4:24  Drone  
  61  4:25  Drone  
  61  4:30  Extractor, Queen  
  64  4:32  Extractor, Zergling x2  
  64  4:34  Overlord  
  64  4:35  Drone  
  64  4:40  Drone  
  65  4:46  Overlord  
  64  4:53  Queen  
  64  4:55  Hydralisk Den  
  64  4:56  Spore Crawler  
  64  4:57  Zergling x6  
  66  5:02  Drone  
  66  5:05  Drone x2  
  66  5:06  Drone x3  
  70  5:11  Drone x2  
  70  5:12  Drone  
  71  5:16  Drone x3  
  71  5:19  Overlord  
  71  5:21  Spore Crawler  
  73  5:22  Evolution Chamber  
  73  5:24  Muscular Augments  
  73  5:25  Drone x2  
  73  5:28  Overlord  
  74  5:32  Extractor  
  74  5:34  Overlord  
  73  5:37  Drone x6  
  73  5:39  Drone  
  73  5:40  Drone  
  80  5:46  Hydralisk x3  
  84  5:50  Drone x2  
  84  5:54  Hydralisk  
  84  5:55  Hydralisk  
  90  6:01  Spore Crawler  
  90  6:04  Spore Crawler  
  88  6:05  Hydralisk x3  
  88  6:10  Overlord  
  95  6:18  Drone x2  
  95  6:20  Drone  
  95  6:21  Overlord  
  95  6:22  Overlord  
  96  6:29  Hydralisk x2  
  96  6:30  Drone x3  
  101  6:33  Hydralisk x2, Overlord  
  101  6:37  Extractor  
  101  6:38  Extractor  
  103  6:44  Grooved Spines  
  103  6:45  Zerg Melee Weapons Level 1  
  103  6:46  Drone x2  
  103  6:47  Drone  
  106  6:50  Hatchery, Zergling x8  
  106  6:51  Zergling x2  
  110  6:55  Hydralisk x2  
  110  7:00  Drone  
  110  7:01  Drone  
  116  7:04  Zergling x4, Baneling Nest  
  117  7:09  Zergling x8  
  117  7:11  Overlord  
  121  7:17  Zergling x10  
  121  7:21  Drone x3  
  129  7:23  Pneumatized Carapace  
  129  7:28  Evolution Chamber, Overlord  
  128  7:30  Hydralisk x2  
  131  7:39  Hydralisk x3, Zergling x2  
  120  7:46  Hydralisk x3, Zergling x4  
  112  7:55  Baneling x2  
  112  7:56  Hydralisk, Baneling x4  
  112  7:57  Hydralisk, Zergling x6  
  119  7:58  Baneling x2  
  119  7:59  Drone, Baneling  
  119  8:02  Centrifical Hooks  
  120  8:05  Zergling x4  
  120  8:09  Zerg Missile Weapons Level 1  
  120  8:11  Zergling x6  
  122  8:15  Drone x3  
  122  8:18  Hydralisk  
  127  8:21  Hydralisk  
  127  8:24  Drone x2  
  131  8:28  Hydralisk  
  133  8:36  Overlord  
  133  8:38  Zergling x8  
  133  8:39  Drone x2  
  133  8:40  Zerg Melee Weapons Level 2  
  139  8:45  Infestation Pit  
  139  8:46  Baneling x4  
  139  8:48  Baneling x7  
  138  8:50  Overlord  
  138  8:52  Drone  
  138  8:53  Drone x3  
  138  8:55  Zergling x8  
  145  8:56  Zergling x2  
  145  8:59  Hydralisk  
  145  9:00  Zergling x6  
  145  9:02  Baneling x5  
  152  9:03  Drone x3, Baneling x2  
  152  9:04  Drone  
  152  9:21  Baneling x3  
  152  9:22  Baneling x2  
  152  9:23  Baneling  
  151  9:24  Zergling x6  
  151  9:25  Zergling x14  
  151  9:26  Baneling x9  
  151  9:30  Hatchery, Overlord  
  160  9:41  Hydralisk  
  160  9:42  Zergling x10  
  166  9:46  Overlord  
  166  9:51  Hydralisk  
  166  9:52  Zergling x8  
  160  9:53  Zergling x2  
  160  9:58  Hydralisk x2  
  160  9:59  Zergling x2  
  153  10:00  Baneling x8  
  153  10:02  Hive  
  153  10:03  Zergling x4  
  153  10:04  Zergling x2  
  153  10:05  Zergling x4  
  153  10:06  Extractor  
  157  10:13  Zergling x2  
  157  10:14  Zergling x4  
  160  10:18  Spire  
  160  10:19  Extractor, Zergling x2  
  159  10:21  Baneling  
  159  10:22  Baneling x6  
  159  10:23  Zergling x4  
  159  10:27  Zergling x4  
  163  10:30  Drone x4  
  165  10:36  Baneling  
  165  10:37  Baneling x4  
  165  10:39  Baneling x2  
  165  10:40  Baneling x2, Zergling x6  
  165  10:41  Zergling x4  
  168  10:48  Baneling x6  
  168  10:49  Zergling x10  
  172  10:52  Hydralisk x2  
  172  10:55  Hydralisk  
  171  10:58  Zergling x2  
  171  10:59  Zergling x8  
  171  11:02  Queen  
  172  11:04  Zergling x4  
  174  11:12  Zerg Missile Weapons Level 2  
  173  11:20  Zergling x8  
  173  11:21  Zergling x6  
  173  11:23  Drone, Adrenal Glands  
  173  11:24  Drone x2  
  173  11:25  Drone x3  
  185  11:29  Zergling x2  
  185  11:30  Zergling x6  
  185  11:38  Greater Spire  
  185  11:40  Overlord  
  185  11:42  Baneling x7  
  185  11:44  Baneling  
  185  11:47  Zergling x10  
  186  11:48  Zerg Melee Weapons Level 3  
  186  11:49  Overlord x2  
  190  11:56  Hydralisk  
  190  11:57  Zergling x4  
  190  11:58  Overlord  
  184  12:04  Hydralisk  
  184  12:05  Zergling x22  
  176  12:09  Hydralisk x2  
  176  12:10  Zergling x4  
  179  12:17  Zergling x8  
  179  12:18  Hydralisk  
  179  12:19  Zergling x2  
  186  12:28  Spine Crawler  
  186  12:29  Spine Crawler, Corruptor x7  
  194  12:34  Baneling x4  
  194  12:35  Baneling  
  198  12:39  Zergling x10  
  198  12:40  Hatchery, Corruptor  
  178  12:51  Zergling x2  
  178  12:52  Zergling x20  
  181  13:13  Brood Lord x6  
  181  13:16  Extractor  
  181  13:17  Zergling x10  
  181  13:18  Extractor, Zergling x4  
  197  13:33  Brood Lord  
  194  13:42  Zergling x18  
  194  13:45  Overseer x5  
  199  13:48  Baneling  
  199  13:49  Baneling  
  199  13:59  Baneling x6  
  199  14:00  Baneling x2  
  191  14:17  Zergling x18  
  191  14:22  Zergling x2  
  191  14:23  Zergling x2  
  179  14:45  Hydralisk  
  179  14:46  Hydralisk x9, Zergling x2  
  179  14:47  Zergling x2  
  182  14:54  Hydralisk x2  
  182  14:55  Hydralisk, Zergling x4  
  182  14:56  Zergling x20  
  182  14:59  Hydralisk x4  
  177  15:00  Hydralisk x4  
  177  15:07  Hydralisk x6  
  179  15:11  Zergling x2  
  179  15:15  Baneling x4  
  179  15:17  Zergling x6  
  194  15:22  Zergling x2  
  194  15:23  Baneling x5  
Tags
 
Add a new tag
Caveats
  • Supply blocks, unpowered buildings, or Contaminate may cause inaccurate times.
  • Supply counts are checked every 10 seconds.